 Dungeon Crawl Stone Soup version 0.21-a0-137-g951aa02 (webtiles) character file.

23437 grindst0ne the Fighter (level 13, -1/122 HPs)
             Began as a Ghoul Gladiator on July 18, 2017.
             Was a Priest of Makhleb.
             Killed from afar by a rime drake (17 damage)
             ... with a flash freeze
             ... on level 2 of the Lair of Beasts.
             The game lasted 01:11:09 (18743 turns).

grindst0ne the Fighter (Ghoul Gladiator)           Turns: 18743, Time: 01:11:10

Health: -1/122     AC: 22    Str: 25    XL:     13   Next: 6%
Magic:  19/19      EV: 10    Int:  8    God:    Makhleb [***...]
Gold:   808        SH:  0    Dex: 13    Spells: 12/12 levels left

rFire    . . .     SeeInvis .   w - +4 morningstar (curse)
rCold    + . .     Gourm    .   x - +4 buckler of Boredom {*Drain +Inv MR++ Int+3 Dex+2}
rNeg     + + +     Faith    .   n - +4 chain mail
rPois    ∞         Spirit   .   D - +0 helmet
rElec    .         Reflect  .   E - +0 cloak
rCorr    +         Harm     .   p - +2 pair of gloves
MR       ++...                  v - +0 pair of boots {Stlth+}
Stlth    ..........             (no amulet)
HPRegen  0.00/turn              h - +5 ring of strength
MPRegen  0.16/turn              j - ring of resist corrosion

@: confused, rotting
A: rotting body, claws 1, carnivore 3, cold resistance 1, negative energy
resistance 3, inhibited regeneration, torment resistance, unbreathing
a: Minor Destruction, Lesser Servant of Makhleb, Renounce Religion, Evoke
Invisibility


You were on level 2 of the Lair of Beasts.
You worshipped Makhleb.
Makhleb was most pleased with you.
You were not hungry.

You visited 3 branches of the dungeon, and saw 13 of its levels.

You collected 808 gold pieces.

Inventory:

Hand Weapons
 w - a cursed +4 morningstar (weapon)
Missiles
 d - 7 throwing nets (quivered)
Armour
 n - a +4 chain mail (worn)
 p - a +2 pair of gloves (worn)
 u - a +0 hat of magic resistance
 v - a +0 pair of boots of stealth (worn)
 x - the +4 buckler of Boredom (worn) {*Drain +Inv MR++ Int+3 Dex+2}
   (You acquired it on level 10 of the Dungeon)

   It affects your intelligence (+3).
   It affects your dexterity (+2).
   It affects your resistance to hostile enchantments.
   It lets you turn invisible.
   It causes draining when unequipped.
 D - a +0 helmet (worn)
 E - a +0 cloak (worn)
Jewellery
 h - a +5 ring of strength (left hand)
 j - a ring of resist corrosion (right hand)
 F - an uncursed ring of fire
Wands
 q - a wand of iceblast (0/15)
 r - a wand of confusion (18/48)
 t - a wand of polymorph (5/24)
 H - a wand of iceblast (5/15)
Scrolls
 b - a scroll of amnesia
 l - a scroll of fog
 m - 2 scrolls of enchant weapon
 y - a scroll of magic mapping
 G - 2 scrolls of remove curse
Potions
 a - 2 potions of flight
 g - 3 potions of magic
 z - 2 potions of cancellation
 B - a potion of might
Books
 s - a book of Cantrips

   Spells                             Type                      Level
   a - Confusing Touch                Hexes                        1
   b - Animate Skeleton               Necromancy                   1
   c - Summon Small Mammal            Summoning                    1
   d - Apportation                    Translocation                1
 A - a book of Battle

   Spells                             Type                      Level
   a - Infusion                       Charms                       1
   b - Shroud of Golubria             Charms/Translocation         2
   c - Song of Slaying                Charms                       2
   d - Spectral Weapon                Hexes/Charms                 3
   e - Regeneration                   Charms/Necromancy            3
Miscellaneous
 i - a lamp of fire (inert)
Comestibles
 c - 11 chunks of flesh
 f - 7 meat rations
 k - 5 royal jellies


   Skills:
 - Level 13.1 Fighting
   Level 2.6(6.3) Axes
 * Level 9.1(9.3) Maces & Flails
 - Level 1.7 Throwing
 + Level 8.1 Armour
 - Level 2.6 Dodging
 * Level 6.4 Shields
 + Level 9.5 Invocations
 + Level 4.0 Evocations


You had 12 spell levels left.
You didn't know any spells.

Dungeon Overview and Level Annotations

Branches:
Dungeon (10/15)            Temple (1/1) D:5            Lair (2/6) D:10
 Shoals (0/4) Lair:2
  Snake: Lair:2-4    Spider: Lair:2-4       Orc: D:9-12

Altars:
Ashenzari
Cheibriados
Dithmenos
Elyvilon
Fedhas
Gozag
Hepliaklqana
Kikubaaqudgha
Makhleb
Nemelex Xobeh
Okawaru
Qazlal
Ru
Sif Muna
Trog
Uskayaw
Vehumet
Wu Jian
Xom
Yredelemnul
Zin
The Shining One

Annotations:
D:2 exclusion: downstairs
D:3 exclusion: downstairs
D:5 exclusion: downstairs
D:7 exclusion: downstairs
D:8 exclusion: downstairs


Innate Abilities, Weirdness & Mutations

Your body is rotting away.
You thrive on raw meat.
You are immune to poison.
You have sharp fingernails.
You are carnivorous and can eat meat at any time.
Your flesh is cold resistant. (rC+)
You are immune to negative energy. (rN+++)
You do not regenerate when monsters are visible.
You are immune to unholy pain and torment.
You can survive without breathing.


Message History

The killer bee stings your hellwing but does no damage.
The rime drake closely misses you.
The basilisk barely misses your smoke demon.
The killer bee barely misses your hellwing.
Your hellwing misses the killer bee.
Your hellwing closely misses the killer bee.
Your smoke demon gestures at the killer bee.
The killer bee is smitten.
The killer bee closely misses your hellwing.
The rime drake bites you but does no damage.
The elephant tramples you.
* * * LOW HITPOINT WARNING * * *
You are shoved backwards!
The basilisk bites your smoke demon.
Your hellwing hits the killer bee!
The killer bee dies!
Makhleb accepts your kill.
Your smoke demon hits the basilisk. x2; Your smoke demon misses the basilisk.
The rime drake breathes ice at you. The flash freeze hits you!
You partially resist.
You die...

##....## #. #.......### # #.#
###.....#...### #. .#.#
......⌠..#....#####..#.#.
#..........#........#.#.
#....#....#....##....#..
#....#....#..##..##..#.. ..
##...#.....##..##..##.##
...##......@.3#..##..##..#..
.......#..#.Ykl....##....#..
.........#.....###.4..##..##.#.#.
...............###†##...#.##.#.#.
........#P......##†.##.#.#..#.#.#
.......##..†#...###....##.#.#.#.#
......P#........####.##.##.#l#.#.
......##.........###..##...#.#.#.
......###††[......###..#.#....#..


You could see an elephant, a basilisk, a rime drake, a friendly hellwing and a
friendly smoke demon.

Vanquished Creatures
  2 hydras (Lair:1)
  A catoblepas (D:8)
  5 two-headed ogres
  An oklob plant (Lair:1)
  An elephant (Lair:2)
  Joseph (D:8)
  2 black mambas
  3 spiny frogs
  3 komodo dragons
  A queen bee (Lair:2)
  2 trolls
  4 polar bears
  A slime creature (shapeshifter) (D:7)
  A blink frog (Lair:1)
  4 hippogriffs
  Sigmund (D:2)
  A shadow (D:10)
  A wraith (D:10)
  9 yaks
  2 basilisks
  A hungry ghost (D:8)
  A steam dragon (D:8)
  A water moccasin (Lair:1)
  2 orc warriors
  A black bear (D:6)
  6 ice beasts
  3 sky beasts
  2 phantoms
  8 wolves
  3 ogres
  6 centaurs
  A big kobold (D:7)
  8 crocodiles
  6 bullfrogs
  2 scorpions (D:6)
  18 killer bees (Lair:2)
  16 wights
  2 howler monkeys
  2 electric eels (D:8)
  6 crimson imps
  Crazy Yiuf (D:7)
  2 jellies
  2 orc priests
  6 hounds
  2 bullfrog skeletons
  2 centaur skeletons (D:10)
  A gnoll shaman (D:10)
  9 orc wizards
  3 iguanas
  4 worker ants
  A killer bee zombie (D:7)
  2 bullfrog simulacra (D:8)
  A centaur simulacrum (D:8)
  A worker ant zombie (D:5)
  14 adders
  13 gnolls
  A river rat (Lair:2)
  A hound simulacrum (D:8)
  3 shadow imps
  4 white imps (D:8)
  A worker ant simulacrum (D:8)
  3 ufetubi
  2 oozes
  2 adder skeletons
  An adder zombie (D:8)
  2 worms
  A dart slug (D:1)
  7 leopard geckos
  28 orcs
  12 bats
  5 giant cockroaches
  7 goblins
  5 hobgoblins
  12 jackals
  9 quokkas
  7 frilled lizards
  10 kobolds
  A leopard gecko simulacrum (D:8)
  A leopard gecko skeleton (D:4)
  A quokka zombie (D:5)
  12 rats
343 creatures vanquished.

Vanquished Creatures (collateral kills)
  A hydra (D:9)
  An unseen horror (D:10)
  2 oklob plants (Lair:1)
  An elephant (Lair:2)
  A black mamba (Lair:2)
  2 komodo dragons
  A troll (D:10)
  A hippogriff (Lair:2)
  A wyvern (Lair:2)
  14 yaks
  A steam dragon (Lair:2)
  A water moccasin (Lair:2)
  A centaur (Lair:2)
  6 wolves (Lair:2)
  3 crocodiles
  A bullfrog (Lair:1)
  A gnoll sergeant (D:9)
  9 killer bees (Lair:2)
  An orc wizard (D:10)
  A bullfrog skeleton (D:10)
  2 gnolls (D:9)
  An orc (D:10)
  3 plants (Lair:1)
56 creatures vanquished.

Vanquished Creatures (others)
  A fungus (Lair:1)
  10 plants (Lair:2)
11 creatures vanquished.

Grand Total: 410 creatures vanquished

Notes
Turn   | Place    | Note
-------+----------+-------------------------------------------
     0 | D:1      | grindst0ne the Ghoul Gladiator began the quest for the Orb.
     0 | D:1      | Reached XP level 1. HP: 17/17 MP: 0/0
   140 | D:1      | Reached skill level 3 in Fighting
   140 | D:1      | Reached XP level 2. HP: 14/26 MP: 1/1
   528 | D:1      | Reached XP level 3. HP: 31/33 MP: 2/2
   577 | D:1      | Reached skill level 4 in Fighting
   830 | D:2      | Noticed Sigmund
   845 | D:2      | Reached XP level 4. HP: 36/41 MP: 3/3
   881 | D:2      | Killed Sigmund
   881 | D:2      | Reached skill level 6 in Fighting
   881 | D:2      | Reached XP level 5. HP: 11/51 MP: 4/4
   881 | D:2      | Reached XP level 6. HP: 13/58 MP: 5/5
  2214 | D:2      | Reached skill level 7 in Fighting
  4483 | D:4      | Reached skill level 8 in Fighting
  4483 | D:4      | Reached XP level 7. HP: 60/67 MP: 6/6
  4869 | D:5      | Entered Level 5 of the Dungeon
  5103 | D:5      | Found a staircase to the Ecumenical Temple.
  5119 | Temple   | Entered the Ecumenical Temple
  5365 | Temple   | Became a worshipper of Makhleb the Destroyer
  5944 | D:5      | Reached skill level 9 in Fighting
  6352 | D:6      | Found an opulent altar of Gozag.
  6413 | D:6      | Reached XP level 8. HP: 64/79 MP: 7/7
  6525 | D:6      | Reached skill level 10 in Fighting
  6940 | D:6      | Found an ornate altar of the Wu Jian Council.
  7329 | D:6      | Noticed a two-headed ogre
  7745 | D:6      | Reached skill level 11 in Fighting
  8231 | D:7      | Noticed a hippogriff
  8244 | D:7      | Killed a hippogriff
  8355 | D:7      | Reached skill level 12 in Fighting
  8355 | D:7      | Reached XP level 9. HP: 76/90 MP: 8/8
  8492 | D:7      | Found a runed door.
  8544 | D:7      | Reached * piety under Makhleb
  9152 | D:7      | Noticed Crazy Yiuf
  9155 | D:7      | Killed Crazy Yiuf
  9187 | D:8      | Noticed a polar bear
  9257 | D:8      | Noticed a polar bear
  9277 | D:8      | Noticed a polar bear
  9278 | D:8      | Killed a polar bear
  9278 | D:8      | Reached skill level 13 in Fighting
  9463 | D:8      | Noticed Joseph
  9825 | D:7      | Killed a polar bear
  9825 | D:7      | Reached skill level 1 in Armour
  9825 | D:7      | Reached skill level 1 in Invocations
 10524 | D:8      | Found a hide-covered altar of Uskayaw.
 10598 | D:8      | Noticed a polar bear
 10612 | D:8      | Killed a polar bear
 11064 | D:8      | Reached ** piety under Makhleb
 11118 | D:8      | Reached XP level 10. HP: 99/100 MP: 12/12
 11218 | D:8      | Reached skill level 5 in Invocations
 11237 | D:8      | Noticed a death yak
 11641 | D:8      | Noticed a catoblepas
 12910 | D:8      | Reached skill level 1 in Maces & Flails
 12921 | D:8      | Reached skill level 5 in Armour
 12964 | D:8      | Killed Joseph
 14029 | D:8      | Noticed a two-headed ogre
 14034 | D:8      | a two-headed ogre changed into a slime creature
 14316 | D:8      | Killed a catoblepas
 14933 | D:8      | Noticed a two-headed ogre
 14937 | D:8      | Killed a two-headed ogre
 14937 | D:8      | Reached skill level 5 in Maces & Flails
 14937 | D:8      | Reached XP level 11. HP: 88/102 MP: 15/15
 15143 | D:9      | Reached *** piety under Makhleb
 15153 | D:9      | Noticed a two-headed ogre
 15164 | D:9      | Killed a two-headed ogre
 15446 | D:9      | Noticed a two-headed ogre
 15463 | D:9      | Killed a two-headed ogre
 15622 | D:9      | Found a shimmering altar of Xom.
 15765 | D:10     | Entered Level 10 of the Dungeon
 15782 | D:10     | Identified a scroll of acquirement
 15786 | D:10     | Got a jewelled buckler
 15792 | D:10     | Identified the +4 buckler of Boredom {*Drain +Inv MR++ Int+3 Dex+2} (You acquired it on level 10 of the Dungeon)
 15947 | D:10     | Noticed a seven-headed hydra
 15971 | D:9      | Killed a seven-headed hydra
 15971 | D:9      | Reached skill level 1 in Shields
 16288 | D:10     | Killed an unseen horror
 16288 | D:10     | Reached skill level 1 in Evocations
 16425 | D:10     | Noticed a two-headed ogre
 16434 | D:10     | Killed a two-headed ogre
 16444 | D:10     | Noticed a two-headed ogre
 16458 | D:10     | Killed a two-headed ogre
 16695 | D:10     | Reached XP level 12. HP: 108/115 MP: 17/17
 16878 | D:10     | Found a staircase to the Lair.
 16883 | Lair:1   | Entered Level 1 of the Lair of Beasts
 17344 | Lair:1   | Noticed a seven-headed hydra
 17352 | Lair:1   | Killed a seven-headed hydra
 17549 | Lair:1   | Noticed a four-headed hydra
 17554 | Lair:1   | Killed a four-headed hydra
 18071 | Lair:2   | Reached skill level 5 in Shields
 18468 | Lair:2   | Found a staircase to the Shoals.
 18611 | Lair:2   | Reached **** piety under Makhleb
 18662 | Lair:2   | Reached XP level 13. HP: 81/122 MP: 19/19
 18738 | Lair:2   | HP: 3/122 [rime drake/flash freeze (15)]
 18743 | Lair:2   | Killed from afar by a rime drake

Vault maps used:
D:1:      lightli_arrival_flooded_house, minmay_pentomino_p4
D:2:      serial_glass, glass_columns_b, glass_columns_a, item_on_display_a,
          feat_on_display, item_on_display_a, uniq_sigmund
D:3:      serial_curves, eino_curves_04, eino_curves_04, first_bread
D:5:      temple_fountains
D:6:      nicolae_gozag_seed_capital, old_standard_altar
D:7:      uniq_crazy_yiuf_cottage
D:8:      cheibrodos_elevator_heist, nicolae_overflow_crystal_walls, serial_ice,
          serial_ice_b, serial_ice_f, serial_ice_o, serial_ice_a, serial_ice_i,
          serial_ice_h, serial_ice_d, serial_ice_n, uniq_joseph
D:9:      old_standard_altar
D:10:     lair_entry_dummy, grunt_ogre_cave
Temple:   dpeg_five_rooms_temple
Lair:1:   beast_lair_carwin_9, grunt_megastairs_3, minmay_lair_oklob_chamber
Lair:2:   regret_index_wax_grids, minmay_shoals_entry_centaurs,
          grunt_megastairs_2

Skill      XL: |  1  2  3  4  5  6  7  8  9 10 11 12 13 |
---------------+----------------------------------------+-----
Fighting       | 3 4 6 8 9 12 13 | 13.1
Armour         | 3 6 7 8 |  8.1
Invocations    | 4 7 8 9 |  9.5
Maces & Flails | 5 7 8 9 |  9.1
Shields        | 3 6 |  6.4
Evocations     | 2 3 4 |  4.0
Axes           | |  2.6
Throwing       | |  1.7
Dodging        | |  2.6

Action                   |  1- 3 |  4- 6 |  7- 9 | 10-12 | 13-15 || total
-------------------------+-------+-------+-------+-------+-------++-------
Melee: War axe           |   103 |    23 |       |       |       ||   126
       Scythe            |       |   519 |   639 |   160 |       ||  1318
       Morningstar       |       |       |       |   568 |    41 ||   609
Throw: Throwing net      |       |       |       |     1 |       ||     1
Invok: Minor Destruction |       |       |     1 |    94 |       ||    95
       Lesser Servant of |       |       |       |    23 |     5 ||    28
Evoke: Wand              |       |       |    11 |    14 |       ||    25
       Lamp of fire      |       |       |       |       |     1 ||     1
  Use: Potion            |     3 |     3 |     8 |       |     2 ||    16
       Scroll            |       |     6 |     7 |    10 |       ||    23
 Stab: Petrified         |       |       |       |     1 |       ||     1
       Confused          |       |       |       |     1 |       ||     1
       Distracted        |       |       |       |     1 |       ||     1
  Eat: Chunk             |     3 |    11 |    23 |    46 |       ||    83
       Meat ration       |       |     1 |       |     1 |       ||     2
Armor: Leather armour    |    49 |       |       |       |       ||    49
       Chain mail        |    10 |   762 |   929 |   766 |    71 ||  2538
Dodge: Dodged            |   107 |   483 |   596 |   501 |    69 ||  1756
Block: Buckler           |       |       |       |   221 |    50 ||   271
